[Event "WSTCC-50 2024"]
[Site "Krakow"]
[Date "2024.07.04"]
[Round "3.12"]
[White "Jahn, Constanze"]
[Black "Pieper, Thomas"]
[Result "1/2-1/2"]
[ECO "C24"]
[WhiteElo "2051"]
[BlackElo "2170"]
[Annotator "RC"]
[PlyCount "97"]
[EventDate "2024.07.01"]
[EventType "team-tourn"]
[EventCountry "POL"]
[SourceTitle "playchess.com"]
[Source "ChessBase"]
[SourceQuality "1"]
[TimeControl "40/5400+30:1800+30"]

1. e4 e5 2. Bc4 Nf6 3. d3 Nc6 4. c3 Bc5 5. Nf3 h6 6. b4 Bb6 7. a4 a6 8. O-O d6 9. Be3 Bxe3 10. fxe3 Be6 11. Nbd2 O-O 12. Bxe6 fxe6 13. Nc4 b5 14. axb5 axb5 15. Na3 Qb8 16. Qb3 Re8 17. Nc2 Kh8 18. Rxa8 Qxa8 19. Ra1 Qb7 20. Qa2 d5 21. Qa6 Rb8 22. Qxb7 Rxb7 23. exd5 Nxd5 24. Ra6 Rb6 25. Ra3 e4 26. dxe4 Nf6 27. Nd2 e5 28. Kf1 Ne7 29. Ke2 Rc6 30. Ne1 Kh7 31. Nd3 Nd7 32. Nf3 Nc8 33. Ndxe5 Nxe5 34. Nxe5 Re6 35. Nd3 Rxe4 36. Nc5 Re7 37. Ra8 Nd6 38. Ra7 h5 39. g3 Kh6 40. Ra1 Nc4 41. e4 Re8 42. Ra6+ g6 43. Ne6 Re7 44. Nc5 Re8 45. Ne6 Re7 46. Nc5 Re8 47. Ne6 Nd6 48. h4 Nxe4 49. Ng5 1/2-1/2

[Event "WSTCC-50 2024"]
[Site "Krakow"]
[Date "2024.07.04"]
[Round "3.12"]
[White "Csom, Etelka"]
[Black "Tsodikova, Natalia"]
[Result "0-1"]
[ECO "C44"]
[WhiteElo "1996"]
[BlackElo "2019"]
[Annotator "NA RC"]
[PlyCount "88"]
[EventDate "2024.07.01"]
[EventType "team-tourn"]
[EventCountry "POL"]
[SourceTitle "playchess.com"]
[Source "ChessBase"]
[SourceQuality "1"]
[TimeControl "40/5400+30:1800+30"]

1. e4 e5 2. Nf3 Nc6 3. d4 exd4 4. Nxd4 Bb4+ 5. c3 Bc5 6. Be3 Bb6 7. Nf5 g6 8. Bxb6 axb6 9. Ne3 Nf6 10. f3 O-O 11. Be2 Nh5 12. O-O Nf4 13. Nd5 Nxe2+ 14. Qxe2 d6 15. Nd2 Be6 16. Nc4 Bxd5 17. exd5 Re8 18. Qd2 Ne5 19. Nxe5 dxe5 20. a3 Qd6 21. Rad1 Red8 22. Qe3 Ra5 23. c4 Ra4 24. Rc1 Qc5 25. Qxc5 bxc5 26. Rfe1 Re8 27. Kf2 f5 28. Rc2 Kf7 29. g3 Kf6 30. f4 e4 31. h4 h6 32. Rh1 Rg8 33. Rc3 Rd8 34. Ra1 Ra6 35. Rc2 Rb6 36. Re1 g5 37. hxg5+ hxg5 38. Rh1 gxf4 39. gxf4 Rb3 40. Rh7 Rg8 41. Ke1 Rg1+ 42. Kf2 Rg4 43. Rxc7 Rf3+ 44. Ke1 Rg1+ 0-1

[Event "WSTCC-50 2024"]
[Site "Krakow"]
[Date "2024.07.04"]
[Round "3.12"]
[White "Linik, Yaron"]
[Black "Thorhallsson, Throstur"]
[Result "1/2-1/2"]
[ECO "B22"]
[WhiteElo "1910"]
[BlackElo "2385"]
[Annotator "TA"]
[PlyCount "39"]
[EventDate "2024.07.01"]
[EventType "team-tourn"]
[EventCountry "POL"]
[SourceTitle "playchess.com"]
[Source "ChessBase"]
[SourceQuality "1"]
[TimeControl "40/5400+30:1800+30"]

1. e4 c5 2. c3 d5 3. exd5 Qxd5 4. d4 Nf6 5. Nf3 e6 6. Na3 Nc6 7. Be2 cxd4 8. Nb5 Qd8 9. Nbxd4 Nxd4 10. Qxd4 Qxd4 11. Nxd4 a6 12. O-O Bd6 13. Rd1 Ke7 14. Bf3 Rd8 15. Be3 Nd7 16. Nb3 Ne5 17. Be2 Bd7 18. Na5 {[%emt 0:07:24] White is more active.} Bc6 19. Bb6 Rdc8 20. Rd2 {[%emt 0:03:55] Weighted Error Value: White=0.11 (very precise) /Black=0.10 (very precise) .  Inaccurate:     	White=2     	Black=1      OK:         	White=2     	Black=4} 1/2-1/2

[Event "WSTCC-50 2024"]
[Site "Krakow"]
[Date "2024.07.04"]
[Round "3.13"]
[White "Lalic, Susan K"]
[Black "David, Alberto"]
[Result "1/2-1/2"]
[ECO "B40"]
[WhiteElo "2235"]
[BlackElo "2502"]
[Annotator "TA"]
[PlyCount "90"]
[EventDate "2024.07.01"]
[EventType "team-tourn"]
[EventCountry "POL"]
[SourceTitle "playchess.com"]
[Source "ChessBase"]
[SourceQuality "1"]
[TimeControl "40/5400+30:1800+30"]

1. e4 c5 2. Nf3 e6 3. c3 Nf6 4. e5 Nd5 5. d4 cxd4 6. cxd4 d6 7. a3 Bd7 8. Nbd2 Be7 9. Nc4 dxe5 {[%emt 0:02:59] The position is equal.} 10. Ncxe5 O-O 11. Bd3 {[%emt 0:00:35] [#]} Bb5 $1 12. O-O (12. Nxf7 $2 Rxf7 13. Ne5 Rf8 (13... Bxd3 $2 14. Nxf7 Qa5+ 15. Bd2 $19) 14. Bxb5 Qa5+ 15. Bd2 Qxb5 $19) 12... Bxd3 13. Qxd3 Qb6 14. Bd2 Rc8 15. Rac1 Nc6 16. Rc2 Nxe5 17. dxe5 h6 18. h4 Qd8 19. h5 Rxc2 20. Qxc2 Rc8 21. Qb3 Qd7 22. Rc1 Rxc1+ 23. Bxc1 Qc6 24. Bd2 Bc5 25. a4 a6 26. a5 Ba7 27. Qa3 (27. Kf1 $15) 27... Bc5 ({Black should try} 27... Qb5 $17 28. Qa1 Qe2) 28. Qb3 $15 Ne7 29. Qd3 {[%emt 0:01:10] And now b4 would win.} Qd5 30. Qxd5 Nxd5 $11 {[%emt 0:00:02][%mdl 4096] Endgame. KBN-KBN} 31. Kf1 Ne7 32. b4 Ba7 33. Ke2 Nc6 34. Bc3 Kf8 35. g4 Ke7 36. Nd2 Bd4 37. Bxd4 Nxd4+ {[%emt 0:00:04] KN-KN} 38. Kd3 Nc6 39. Kc4 $2 (39. Nc4 $11 {and White has nothing to worry.}) 39... Nxe5+ $19 40. Kc5 Kd7 ({Worse is} 40... Nxg4 41. Kb6 Nxf2 42. Kxb7 $11) 41. Kb6 (41. f3 $17) 41... Kc8 (41... Nxg4 $2 {loses.} 42. Kxb7 Ne5 43. Kxa6 $18) 42. f4 (42. Ne4 {keeps fighting.} Kb8 (42... Nxg4 43. Nd6+ Kb8 44. Nxb7 $11) 43. Kc5) 42... Nd7+ 43. Ka7 f6 $2 ({Black should play} 43... Kc7 $19 44. Ne4 e5) 44. Ne4 $11 Kc7 {[%emt 0:00:00] Repels Nd6. aiming for ...Nb8.} 45. g5 $2 {[%emt 0:00:00][%mdl 8192] [#]} (45. Nc3 $1 $11) 45... fxg5 $1 {[%emt 0:00:00][%mdl 32768] Weighted Error Value: White=0.35/Black=0.20 (precise) .  Loses game:     	White=1     	---        Missed win:     	---       	Black=1      Mistake:       	White=4     	Black=1      Inaccurate:     	White=1     	Black=1      OK:         	White=11    	Black=15     Best:        	White=3     	Black=2      Strong:       	---       	Black=1     . An unexpected result.} 1/2-1/2

[Event "WSTCC-50 2024"]
[Site "Krakow"]
[Date "2024.07.04"]
[Round "3.13"]
[White "Kirby, Peter J."]
[Black "Lima, Darcy"]
[Result "0-1"]
[ECO "A05"]
[WhiteElo "1984"]
[BlackElo "2392"]
[Annotator "TA"]
[PlyCount "126"]
[EventDate "2024.07.01"]
[EventType "team-tourn"]
[EventCountry "POL"]
[SourceTitle "playchess.com"]
[Source "ChessBase"]
[SourceQuality "1"]
[TimeControl "40/5400+30:1800+30"]

1. Nf3 Nf6 2. c4 g6 3. Nc3 Bg7 4. g3 O-O 5. Bg2 c6 6. d4 d5 7. cxd5 cxd5 8. Ne5 e6 9. O-O Nfd7 10. Nxd7 Qxd7 11. b3 Nc6 12. e3 b6 {[%emt 0:00:07] The position is equal.} 13. Ba3 Rd8 14. Qd2 Ba6 15. Rfc1 Rac8 16. Bh3 h5 17. Rc2 Rc7 18. Rac1 Rdc8 19. f4 Bf6 20. Bg2 Ne7 21. Nd1 Nf5 22. Rxc7 Rxc7 23. Rxc7 Qxc7 24. Kf2 g5 25. Bf3 g4 26. Be2 Bxe2 27. Qxe2 Kg7 {[%emt 0:00:40] Black has more active pieces.} 28. Kg2 Qc8 29. h3 gxh3+ 30. Kh2 Qh8 31. g4 hxg4 32. Qxg4+ Kh7 (32... Kh6 $17 {...Qc8 is the strong threat.} 33. Kxh3 a6) 33. Qh5+ $11 Nh6 34. Nf2 Qg8 35. Qxh3 Qg6 {[%emt 0:00:13] ...Qc2 would now be deadly.} 36. Qg2 $2 (36. Bf8 $1 $11 {and White has nothing to worry.}) 36... Qc2 $2 (36... Qh5+ $19 37. Qh3 Qe2) 37. Bf8 Nf5 {[%emt 0:03:48][%cal Of5h4] aiming for ...Nh4!} (37... Qxa2 $2 {too greedy.} 38. Bxh6 Qxb3 39. Ng4 $18) 38. Ng4 Qxg2+ 39. Kxg2 {[%emt 0:00:01][%mdl 4096] Endgame. KBN-KBN} Bh4 40. Kf3 f6 41. a4 a6 42. Bb4 Kg6 43. Ba3 Ng3 44. Nf2 Nf1 ({Black should try} 44... f5 $11) 45. Bc1 (45. Nd3 $14) 45... Nh2+ 46. Kg2 Bxf2 47. Kxh2 {[%emt 0:00:00] KB-KB} Kf5 48. Kg2 Be1 {[%emt 0:00:00] White must now prevent ...Ke4.} 49. Kf3 Bb4 50. Bb2 b5 51. axb5 axb5 52. Bc1 Bc3 {[%emt 0:00:00] Threatens to win with ...b4.} 53. Ba3 b4 54. Bc1 Kg6 {[%emt 0:00:00] And now ...Kf5 would win.} 55. Kg4 f5+ 56. Kh4 Be1+ 57. Kh3 Kh5 58. Bb2 $2 {[%emt 0:00:00][%mdl 8192] [#]} (58. Kh2 $11) 58... Bd2 59. Kg3 Bxe3 60. Kf3 Bd2 61. Ba1 Kh4 62. Bb2 {[%emt 0:00:00] [#]} Kh3 $1 63. Ba1 Kh2 {Weighted Error Value: White=0.25 (precise) /Black=0.15 (very precise) .  Loses game:     	White=2     	---        Missed win:     	---       	Black=1      Mistake:       	White=1     	Black=2      Inaccurate:     	White=3     	Black=1      OK:         	White=18    	Black=18     Best:        	White=5     	Black=3} 0-1

[Event "WSTCC-50 2024"]
[Site "Krakow"]
[Date "2024.07.04"]
[Round "3.13"]
[White "McHugh, Kevin"]
[Black "Krause, Ullrich"]
[Result "0-1"]
[ECO "C07"]
[WhiteElo "1938"]
[BlackElo "2171"]
[Annotator "RC"]
[PlyCount "104"]
[EventDate "2024.07.01"]
[EventType "team-tourn"]
[EventCountry "POL"]
[SourceTitle "playchess.com"]
[Source "ChessBase"]
[SourceQuality "1"]
[TimeControl "40/5400+30:1800+30"]

1. e4 e6 2. d4 d5 3. Nd2 c5 4. exd5 Qxd5 5. Ngf3 cxd4 6. Bc4 Qd7 7. Nb3 Bb4+ 8. Bd2 Bxd2+ 9. Qxd2 Nc6 10. Nbxd4 Nxd4 11. Qxd4 Qxd4 12. Nxd4 a6 13. O-O Bd7 14. Rfe1 Ne7 15. Rad1 Rc8 16. Bd3 O-O 17. Nf3 Rfd8 18. c3 g6 19. Ne5 Ba4 20. b3 Be8 21. c4 Nc6 22. Nxc6 Bxc6 23. f3 Rd4 24. Bc2 Rcd8 25. Kf2 Kg7 26. Rxd4 Rxd4 27. Ke3 e5 28. Rd1 Rxd1 29. Bxd1 f5 30. b4 g5 31. a4 b6 32. Bc2 Kf6 33. g4 f4+ 34. Ke2 h6 35. Kf2 Ke7 36. b5 Bb7 37. Bd1 a5 38. Ke2 Kd6 39. Kd3 Kc5 40. Be2 Kb4 41. Bd1 Ba8 42. Be2 Kxa4 43. Kc3 e4 44. fxe4 Bxe4 45. c5 bxc5 46. Kc4 f3 47. Bf1 f2 48. Kxc5 Kb3 49. b6 Kc3 50. Kb5 Kd2 51. Kxa5 Ke1 52. Bd3 Bb7 0-1

[Event "WSTCC-50 2024"]
[Site "Krakow"]
[Date "2024.07.04"]
[Round "3.14"]
[White "Godena, Michele"]
[Black "Lauterbach, Ingrid"]
[Result "1-0"]
[ECO "C44"]
[WhiteElo "2426"]
[BlackElo "2023"]
[Annotator "TA"]
[PlyCount "95"]
[EventDate "2024.07.01"]
[EventType "team-tourn"]
[EventCountry "POL"]
[SourceTitle "playchess.com"]
[Source "ChessBase"]
[SourceQuality "1"]
[TimeControl "40/5400+30:1800+30"]

1. e4 e5 2. Nf3 Nc6 3. g3 g6 4. Bg2 Bg7 5. O-O Nf6 6. d4 Qe7 7. Nxe5 Nxe5 8. dxe5 {[%emt 0:00:06] White is slightly better.} Qxe5 9. Nc3 O-O 10. Bf4 Qc5 11. Re1 $36 {[%emt 0:15:47][%cal Bf1e1,Be1e5,Be5b5][%mdl 2080] Black is under strong pressure.} d6 12. e5 Bg4 {[%emt 0:17:01] [#]} (12... dxe5 $16 {might work better.} 13. Rxe5 Qc4) 13. Qd2 (13. exf6 $1 $18 Bxd1 14. fxg7 Kxg7 15. Rexd1 (15. Nxd1 Rae8 $16)) 13... dxe5 $14 14. Rxe5 Qd6 {[%emt 0:03:18] [#]} (14... Qc4 $14) 15. Qxd6 $1 $16 ({Don't do} 15. Bxb7 Qxd2 16. Bxd2 Rab8 $11) 15... cxd6 16. Rb5 Rfd8 17. Bxb7 {[%emt 0:02:56] White is more active.} Rab8 18. Ba6 (18. Bg2 $16) 18... Bf5 (18... Ne8 $14) 19. Rd1 Rxb5 20. Bxb5 d5 21. Bd3 {[%emt 0:00:49] aiming for Bxf5.} Bg4 22. Re1 d4 23. Nb5 Nd5 24. Bg5 Nf6 (24... Rb8 $16) 25. f3 Be6 26. Nxa7 Ra8 27. Nc6 Rxa2 28. Nxd4 Bd5 29. b3 h6 30. Be3 Nd7 31. c4 Ba8 32. Be2 h5 (32... Rb2 $142 33. Kf2 Bb7) 33. Kf1 {[%emt 0:00:10] Hoping for b4.} Ra3 $2 (33... Rb2 {was necessary.} 34. Ra1 Bb7) 34. Rd1 $18 {[%emt 0:00:30] And now Nc2 would win.} Ne5 35. Bf2 {[%emt 0:00:43] Strongly threatening c5.} Bb7 (35... Bf8 {was called for.} 36. c5 Kh7) 36. h3 Ra2 37. c5 Bc8 38. g4 hxg4 39. hxg4 Bb7 (39... f5 {was worth a try.} 40. gxf5 gxf5) 40. b4 {[%emt 0:00:38][%cal Bb3b4,Bb4b5,Bb5b6][%mdl 32] White is clearly winning.} Bd5 41. b5 Nc4 42. Nb3 Be6 43. b6 Rb2 44. Rd8+ Kh7 45. Nd4 {[%emt 0:05:37] Nxe6 is the strong threat.} Nd2+ 46. Kg2 Ba2 47. c6 {[%emt 0:00:48][%cal Bc5c6,Bc6c7][%mdl 32] Threatens to win with c7.} Bc4 48. c7 {[%emt 0:00:33] Weighted Error Value: White=0.19 (very precise) /Black=0.38.  Mistake:       	White=2     	Black=8      Inaccurate:     	White=1     	Black=1      OK:         	White=15    	Black=11     Best:        	White=1     	Black=1      Strong:       	White=1     	---} 1-0

[Event "WSTCC-50 2024"]
[Site "Krakow"]
[Date "2024.07.04"]
[Round "3.14"]
[White "Lampe, Dirk"]
[Black "Fox, Anthony"]
[Result "1-0"]
[ECO "C92"]
[WhiteElo "2158"]
[BlackElo "1909"]
[Annotator "RC"]
[PlyCount "81"]
[EventDate "2024.07.01"]
[EventType "team-tourn"]
[EventCountry "POL"]
[SourceTitle "playchess.com"]
[Source "ChessBase"]
[SourceQuality "1"]
[TimeControl "40/5400+30:1800+30"]

1. e4 e5 2. Nf3 Nc6 3. Bb5 a6 4. Ba4 Nf6 5. O-O Be7 6. Re1 b5 7. Bb3 d6 8. c3 O-O 9. h3 Bb7 10. d4 Re8 11. Nbd2 Bf8 12. a4 h6 13. Bc2 exd4 14. cxd4 Nb4 15. Bb1 c5 16. d5 Nd7 17. Ra3 c4 18. Nd4 Qf6 19. N2f3 Nc5 20. b3 Nbd3 21. Bxd3 Nxd3 22. Re3 Nxc1 23. Qxc1 b4 24. Ra2 cxb3 25. Nxb3 Rac8 26. Rc2 Rxc2 27. Qxc2 Rc8 28. Qd2 Rc3 29. Nfd4 Rxe3 30. Qxe3 Bc8 31. Nc6 Qb2 32. Qd3 f5 33. exf5 Bxf5 34. Qxf5 Qxb3 35. Nd8 Qd1+ 36. Kh2 b3 37. Qf7+ Kh7 38. Ne6 Qa1 39. Nxf8+ Kh8 40. Ng6+ Kh7 41. Ne7 1-0

[Event "WSTCC-50 2024"]
[Site "Krakow"]
[Date "2024.07.04"]
[Round "3.14"]
[White "Becker, Rogerio Sperb"]
[Black "Rowe, Peter"]
[Result "1-0"]
[ECO "A20"]
[WhiteElo "2053"]
[BlackElo "1960"]
[Annotator "NA RC"]
[PlyCount "97"]
[EventDate "2024.07.01"]
[EventType "team-tourn"]
[EventCountry "POL"]
[SourceTitle "playchess.com"]
[Source "ChessBase"]
[SourceQuality "1"]
[TimeControl "40/5400+30:1800+30"]

1. c4 e5 2. g3 d6 3. Bg2 Be7 4. Nc3 f5 5. Nf3 Nf6 6. O-O O-O 7. d3 c6 8. c5 e4 9. cxd6 Bxd6 10. dxe4 fxe4 11. Ng5 Qe7 12. Ngxe4 Nxe4 13. Nxe4 Bc7 14. Bd2 Be6 15. Ng5 Bb6 16. Nxe6 Qxe6 17. Qb3 Qxb3 18. axb3 Nd7 19. Bc3 Nf6 20. Bf3 g5 21. h3 Kg7 22. Rad1 Rad8 23. e3 Kf7 24. Kg2 h6 25. Rfe1 Kg6 26. Rxd8 Rxd8 27. Rd1 Rxd1 28. Bxd1 Nd5 29. Bc2+ Kf7 30. Bd2 Bc5 31. e4 Nb4 32. Bb1 a5 33. Bc3 b5 34. f4 Be3 35. Kf3 Bc1 36. f5 h5 37. e5 Nd5 38. Bd4 c5 39. e6+ Ke8 40. Be5 Ke7 41. Bd3 c4 42. bxc4 bxc4 43. Bxc4 g4+ 44. hxg4 hxg4+ 45. Ke2 Nf6 46. Kd3 Nh5 47. b3 Nf6 48. Bc3 Bf4 49. Bxf6+ 1-0

[Event "WSTCC-50 2024"]
[Site "Krakow"]
[Date "2024.07.04"]
[Round "3.15"]
[White "Regan, Natasha K"]
[Black "Ortega, Lexy"]
[Result "1-0"]
[ECO "A09"]
[WhiteElo "2015"]
[BlackElo "2386"]
[Annotator "TA"]
[PlyCount "79"]
[EventDate "2024.07.01"]
[EventType "team-tourn"]
[EventCountry "POL"]
[SourceTitle "playchess.com"]
[Source "ChessBase"]
[SourceQuality "1"]
[TimeControl "40/5400+30:1800+30"]

1. Nf3 d5 2. c4 d4 3. b4 f6 4. e3 e5 5. c5 a5 6. Qa4+ (6. Nxe5 $5 fxe5 7. Qh5+ Kd7 8. Qf5+ Ke7 9. Qxe5+ Be6 10. Bc4 $17) 6... Bd7 7. b5 $1 Bxc5 8. Bc4 {[%emt 0:01:55] The position is equal.} Ne7 {[%emt 0:00:21] White must now prevent ...Bg4.} 9. exd4 exd4 10. O-O Bg4 {[%emt 0:04:56] aiming for ...Bxf3.} 11. Ba3 Nd7 12. Re1 ({White should play} 12. Be2) 12... Nb6 (12... Bxf3 $17 13. Bxc5 Nxc5) 13. Qb3 $15 Qd6 {[%emt 0:14:31] Hoping for ...a4.} 14. Bf7+ Kf8 $1 15. Be6 Bxe6 (15... a4 {is more complex.} 16. Qd3 Bxe6 17. Bxc5 Qxc5 18. Rxe6 Kf7) 16. Bxc5 $1 (16. Rxe6 $2 {perishes.} a4 17. Rxd6 axb3 18. Rxd4 Bxd4 (18... Bxa3 $2 19. Nxa3 b2 20. Rf1 $19) 19. Nxd4 bxa2 20. Rxa2 Nc4 $19 (20... Kf7 $2 21. Rb2 $19)) 16... Bxb3 ({Better is} 16... Qxc5 $15 17. Qxe6 Re8) 17. Bxd6 $11 cxd6 18. axb3 Kf7 19. Nxd4 a4 20. bxa4 Rxa4 21. Rxa4 Nxa4 22. h4 Rc8 23. Na3 {[%emt 0:03:32] Prevents Rc4.} Nb6 24. g3 Nc4 25. Nxc4 Rxc4 {[%emt 0:00:10][%mdl 4096] Endgame. KRN-KRN} 26. Ne6 Rc8 {[%emt 0:02:57] [#]} 27. Nxg7 $1 Rc5 $1 28. Ne6 Rxb5 29. Kg2 Nc6 30. d4 {[%emt 0:01:53] Prevents Re5.} d5 31. Nc7 Rb4 32. Nxd5 Rxd4 33. Nf4 b5 34. Re6 Rxf4 35. Rxc6 Rc4 36. Rxc4 bxc4 {[%emt 0:00:05] K3P-K3P} 37. Kf3 f5 38. Ke3 {[%emt 0:00:42] Kd4 would kill now.} f4+ $2 {[%emt 0:00:14][%mdl 8192] [#]} 39. Kxf4 Ke6 40. Ke4 {Weighted Error Value: White=0.05 (flawless) /Black=0.27 (precise) .  Loses game:     	---       	Black=1      Mistake:       	White=1     	Black=2      Inaccurate:     	White=1     	---        OK:         	White=16    	Black=12     Best:        	White=3     	---        Strong:       	White=2     	Black=2} 1-0

[Event "WSTCC-50 2024"]
[Site "Krakow"]
[Date "2024.07.04"]
[Round "3.15"]
[White "Lyons, Brendan"]
[Black "Staeblein, Christoph"]
[Result "0-1"]
[ECO "A05"]
[WhiteElo "1920"]
[BlackElo "1991"]
[Annotator "NA RC"]
[PlyCount "100"]
[EventDate "2024.07.01"]
[EventType "team-tourn"]
[EventCountry "POL"]
[SourceTitle "playchess.com"]
[Source "ChessBase"]
[SourceQuality "1"]
[TimeControl "40/5400+30:1800+30"]

1. Nf3 Nf6 2. g3 b5 3. Bg2 Bb7 4. O-O e6 5. b3 Be7 6. Bb2 O-O 7. c4 bxc4 8. bxc4 c5 9. d3 d6 10. e4 Nfd7 11. Nbd2 Nc6 12. d4 cxd4 13. Nxd4 Nxd4 14. Bxd4 Qc7 15. Rb1 Bc6 16. f4 Rab8 17. Qe2 Rxb1 18. Nxb1 Bf6 19. Bxf6 Nxf6 20. Nc3 Rb8 21. Rd1 Ne8 22. h4 Qa5 23. Qd3 Rb2 24. Qd4 Rc2 25. Rd3 Qb6 26. Qxb6 axb6 27. Nb5 Rxg2+ 28. Kxg2 Bxe4+ 29. Rf3 Kf8 30. Na7 d5 31. cxd5 Bxd5 32. Kf2 Bxf3 33. Kxf3 Nd6 34. g4 Ke8 35. Nc6 f6 36. Ke3 Kd7 37. Nd4 e5 38. fxe5 fxe5 39. Nf5 Nxf5+ 40. gxf5 g6 41. Ke4 Kd6 42. a4 gxf5+ 43. Kxf5 Kd5 44. h5 e4 45. h6 e3 46. Kf6 e2 47. Kg7 e1=Q 48. Kxh7 Qg3 49. Kh8 Ke6 50. a5 Ke5 0-1

[Event "WSTCC-50 2024"]
[Site "Krakow"]
[Date "2024.07.04"]
[Round "3.15"]
[White "Brookfield, Toby"]
[Black "Santanna, Paulo"]
[Result "0-1"]
[ECO "B20"]
[WhiteElo "1894"]
[BlackElo "2020"]
[Annotator "NA RC"]
[PlyCount "96"]
[EventDate "2024.07.01"]
[EventType "team-tourn"]
[EventCountry "POL"]
[SourceTitle "playchess.com"]
[Source "ChessBase"]
[SourceQuality "1"]
[TimeControl "40/5400+30:1800+30"]

1. e4 c5 2. Be2 Nc6 3. f4 g6 4. Nf3 Bg7 5. O-O Nf6 6. d3 O-O 7. c3 d6 8. Na3 Rb8 9. Qe1 b5 10. e5 dxe5 11. fxe5 Ng4 12. e6 f6 13. Bf4 Rb6 14. Rd1 Bxe6 15. d4 c4 16. d5 Bxd5 17. Nd4 Nxd4 18. Bxg4 f5 19. Bf3 Nxf3+ 20. Rxf3 e6 21. Nc2 Qa8 22. Rf2 Qc8 23. Be3 Rb7 24. Nb4 Rd7 25. Rfd2 Qb7 26. Bf4 Kf7 27. Qh4 Kg8 28. Qe1 Kf7 29. Qh4 h6 30. Qg3 g5 31. Be5 Rfd8 32. Bxg7 Kxg7 33. h4 g4 34. Qe5+ Kf7 35. Qf4 Kg6 36. h5+ Kxh5 37. g3 Qb6+ 38. Kf1 Kg6 39. Rh2 h5 40. Rdd2 Qd6 41. Qe3 Rf8 42. Nxd5 exd5 43. Rdf2 Re7 44. Qd2 Qxg3 45. Rxh5 Qd3+ 46. Qxd3 cxd3 47. Rfh2 d2 48. Rh6+ Kg5 0-1

[Event "WSTCC-50 2024"]
[Site "Krakow"]
[Date "2024.07.04"]
[Round "3.16"]
[White "D'Amore, Carlo"]
[Black "Jackson, Sheila"]
[Result "1-0"]
[ECO "A04"]
[WhiteElo "2357"]
[BlackElo "1988"]
[Annotator "TA"]
[PlyCount "65"]
[EventDate "2024.07.01"]
[EventType "team-tourn"]
[EventCountry "POL"]
[SourceTitle "playchess.com"]
[Source "ChessBase"]
[SourceQuality "1"]
[TimeControl "40/5400+30:1800+30"]

1. Nf3 c5 2. g3 Nc6 3. Bg2 Nf6 4. O-O g6 5. d3 Bg7 6. e4 d6 7. h3 O-O 8. Nc3 Rb8 9. Be3 e5 10. Qd2 Nd4 11. Nh2 Be6 {[%emt 0:06:40] Black is slightly better.} 12. Nd1 Qd7 13. g4 h5 14. f3 b6 15. c3 Nc6 16. Nf2 (16. Bh6 $11) 16... hxg4 17. fxg4 d5 18. Bg5 Nh7 19. Bh6 Rbd8 20. Bxg7 Kxg7 21. exd5 Bxd5 22. g5 (22. Bxd5 $11 {keeps the balance.} Qxd5 23. Qe3) 22... Bxg2 $17 23. Kxg2 {[%emt 0:00:05] [#]} Qd5+ $1 24. Nf3 c4 25. Qe3 cxd3 {[%emt 0:01:04] aiming for ...f5.} 26. Rad1 f6 ({Better is} 26... Qxa2 $17 27. Nxd3 Rfe8) 27. Rxd3 $11 Qxa2 28. b4 (28. Ng4 $11 Rxd3 (28... Qxb2+ $2 29. Rf2 $18) 29. gxf6+ Nxf6 30. Qh6+ (30. Qxd3 $2 e4 $19) 30... Kg8 31. Qxg6+ (31. Ngxe5 Nxe5 32. Qg5 Qxb2+ 33. Rf2 Qxf2+ 34. Kxf2 Ne4+ 35. Ke1 Rfxf3 36. Qg2 Rfe3+) 31... Kh8 32. Nxf6 (32. Qxd3 Qxb2+ 33. Kg3 e4 $11)) 28... Nxg5 $17 29. Rxd8 Rxd8 30. Nxg5 fxg5 31. Kg1 Qc4 {[%emt 0:05:16] Wards off Ng4} (31... Qd2 $17 32. Qg3 a6) 32. Qxg5 $15 {[%emt 0:03:06] [#] Black must now prevent Ng4.} Rd6 $2 (32... Qxc3 $2 {too greedy.} 33. Rc1 (33. b5 Rf8 $16) 33... Qd2 (33... Qf3 $2 34. Rxc6 Qxc6 35. Qe7+ Kg8 36. Qxd8+ Kf7 37. Qd2 $18) 34. Qxd2 Rxd2 35. Rxc6 $18) (32... Rf8 $15 33. Qe3 Rf4) 33. Ng4 {[%emt 0:00:59] Weighted Error Value: White=0.22 (precise) /Black=0.20 (precise) .  Loses game:     	---       	Black=1      Mistake:       	White=3     	Black=2      Inaccurate:     	White=2     	Black=3      OK:         	White=7     	Black=3      Best:        	White=4     	Black=2      Strong:       	---       	Black=1} 1-0

[Event "WSTCC-50 2024"]
[Site "Krakow"]
[Date "2024.07.04"]
[Round "3.16"]
[White "Koop, Thilo"]
[Black "O`Dwyer, Fergal"]
[Result "1/2-1/2"]
[ECO "B70"]
[WhiteElo "2088"]
[BlackElo "1935"]
[Annotator "NA RC"]
[PlyCount "84"]
[EventDate "2024.07.01"]
[EventType "team-tourn"]
[EventCountry "POL"]
[SourceTitle "playchess.com"]
[Source "ChessBase"]
[SourceQuality "1"]
[TimeControl "40/5400+30:1800+30"]

1. e4 c5 2. Nf3 d6 3. d4 cxd4 4. Nxd4 Nf6 5. Nc3 g6 6. g3 Bg7 7. Bg2 O-O 8. O-O Bd7 9. h3 Nc6 10. Nde2 Rb8 11. a4 a6 12. Be3 b5 13. axb5 axb5 14. Nd5 Na5 15. Ba7 Nc4 16. Bxb8 Nxd5 17. Qxd5 Qxb8 18. c3 Nxb2 19. Rfb1 Nc4 20. Qd1 Qc8 21. Kh2 Qc5 22. Kg1 Rb8 23. Nd4 h5 24. Ne2 Qc8 25. Nf4 e6 26. Ne2 Kh7 27. Rb4 Bf8 28. Rb3 Bh6 29. Ra2 Qc5 30. Qd4 Qc7 31. Ra7 Qc8 32. e5 Bg7 33. f4 d5 34. Kh2 Bf8 35. Qd3 Bc5 36. Ra2 Ra8 37. Qb1 h4 38. Qa1 hxg3+ 39. Nxg3 Rxa2 40. Qxa2 Be3 41. Ne2 Qd8 42. Kg3 g5 1/2-1/2

[Event "WSTCC-50 2024"]
[Site "Krakow"]
[Date "2024.07.04"]
[Round "3.16"]
[White "Serafim Junior, Arnor"]
[Black "Goman, Colin"]
[Result "1-0"]
[ECO "A10"]
[WhiteElo "1770"]
[BlackElo "1759"]
[Annotator "NA RC"]
[PlyCount "81"]
[EventDate "2024.07.01"]
[EventType "team-tourn"]
[EventCountry "POL"]
[SourceTitle "playchess.com"]
[Source "ChessBase"]
[SourceQuality "1"]
[TimeControl "40/5400+30:1800+30"]

1. c4 g6 2. Nc3 Nf6 3. g3 Bg7 4. Bg2 O-O 5. Nf3 d6 6. O-O c5 7. d4 Nbd7 8. b3 a6 9. Bb2 Rb8 10. Qd3 b5 11. cxb5 axb5 12. Nxb5 Ba6 13. a4 Qb6 14. Nd2 Bxb5 15. axb5 Qxb5 16. Qxb5 Rxb5 17. Ra7 Rd8 18. dxc5 Rxc5 19. Bxf6 Bxf6 20. Ne4 Rb5 21. Rxd7 Rxd7 22. Nxf6+ exf6 23. Bc6 Rxb3 24. Bxd7 Rb2 25. e3 Rb7 26. Bc6 Rc7 27. Bf3 Rd7 28. Rd1 Kf8 29. Rb1 f5 30. Rb7 Ke7 31. Bd5 Rxb7 32. Bxb7 Ke6 33. Kg2 h6 34. f4 g5 35. Kf3 g4+ 36. Ke2 Kf6 37. Kd3 Ke6 38. Kd4 Kd7 39. Kd5 f6 40. Ba6 h5 41. Bd3 1-0